 Dungeon Crawl Stone Soup version 0.17-a0-1763-g847a857 (webtiles) character file.

331401 Raurakos the Slayer (level 21, -57/204 HPs)
             Began as a Hill Orc Gladiator on Sept 4, 2015.
             Was the Champion of Okawaru.
             Killed from afar by an ancient lich (94 damage)
             ... with an iron shot
             ... while paralysed by an ancient lich
             ... on level 1 of the Abyss on Sept 5, 2015.
             The game lasted 04:40:08 (53567 turns).

Raurakos the Slayer (Hill Orc Gladiator)           Turns: 53567, Time: 04:40:08

Health: -57/204    AC: 33    Str: 26    XL:     21   Next: 77%
Magic:  33/39      EV:  2    Int: 14    God:    Okawaru [******]
Gold:   2432       SH:  0    Dex: 23    Spells: 4 memorised, 12 levels left

rFire  + . .     SeeInvis .     a - +7 broad axe of Sudatatu {freeze, Int+2}
rCold  . . .     Clarity  +     N - +6 scale mail of Tumukel {rElec rN+ MP+9 Int+4}
rNeg   + . .     SustAt   .     J - +1 buckler {AC+3}
rPois  .         Gourm    .     I - +2 helmet
rElec  +         Spirit   .     R - +0 cloak "Owoy" {Dex+5}
rCorr  .         Warding  .     T - +2 pair of gloves {archery}
rMut   .         Stasis   .     P - +1 pair of boots
MR     +....                    Q - amulet of clarity
Stlth  +.........               G - +3 ring of strength
                                F - ring of protection from fire

@: paralysed, about to teleport, regenerating (expiring), drained, somewhat
resistant to hostile enchantments, very unstealthy
A: slimy green scales 1, high mp 1, spit poison 1, strong 1
a: Spit Poison, Heroism, Finesse, Renounce Religion
}: 2/15 runes: barnacled, gossamer


You were on level 1 of the Abyss.
You worshipped Okawaru.
Okawaru was exalted by your worship.
You were not hungry.

You visited 8 branches of the dungeon, and saw 41 of its levels.
You visited the Abyss 1 time.
You also visited: Ossuary and Bailey.

You collected 3969 gold pieces.
You spent 1527 gold pieces at shops.

Inventory:

Hand weapons
 a - the +7 broad axe of Sudatatu (weapon) {freeze, Int+2}
   (You found it on level 3 of the Lair of Beasts)

   It has been specially enchanted to freeze those struck by it, causing extra
   injury to most foes and up to half again as much damage against particularly
   susceptible opponents.
   It can also slow down cold-blooded creatures.
   It affects your intelligence (+2).
 b - a +1 broad axe of flaming
 c - the +5 executioner's axe "Newtbane" {drain, MP-9 Int+5 Stlth-}
   (Okawaru gifted it to you on level 3 of the Orcish Mines)

   A truly terrible weapon, it drains the life of those it strikes.
   It affects your intelligence (+5).
   It affects your magic capacity (-9).
   It makes you less stealthy.
 v - a +3 battleaxe of freezing
Missiles
 e - 6 throwing nets
 o - 49 javelins
 r - 10 javelins of penetration
 u - 5 javelins of returning
 w - 3 silver javelins (quivered)
 K - a steel javelin
Armour
 h - the +9 crystal plate armour "Ylunod" {rC+ SInv}
   (You found it in a bailey)

   It protects you from cold.
   It lets you see invisible.
 I - a +2 helmet (worn)
 J - a +1 buckler of protection (worn)
 N - the +6 scale mail of Tumukel (worn) {rElec rN+ MP+9 Int+4}
   (Okawaru gifted it to you on level 4 of the Vaults)

   It affects your intelligence (+4).
   It insulates you from electricity.
   It protects you from negative energy.
   It affects your magic capacity (+9).
 P - a +1 pair of boots (worn)
 R - the +0 cloak "Owoy" (worn) {Dex+5}
   (Okawaru gifted it to you on level 4 of the Vaults)

   It affects your dexterity (+5).
 T - a +2 pair of gloves of archery (worn)
Jewellery
 A - an uncursed ring of positive energy
 C - an uncursed ring of protection from cold
 D - an uncursed amulet of stasis
 F - a ring of protection from fire (left hand)
 G - a +3 ring of strength (right hand)
 L - an uncursed ring of sustain attributes
 Q - an amulet of clarity (around neck)
Magical devices
 q - a wand of digging (3)
 M - a wand of fire (5)
 Y - a wand of cold (8)
Scrolls
 k - 2 scrolls of magic mapping
 n - 16 scrolls of remove curse
 p - 3 scrolls of blinking
 x - 18 scrolls of identify
 y - 3 scrolls of fear
 E - 6 scrolls of recharging
 V - 9 scrolls of fog
Potions
 f - 5 potions of agility
 g - a potion of invisibility
 i - 6 potions of resistance
 l - 16 potions of curing
 m - 6 potions of flight
 z - 4 potions of cancellation
 B - 4 potions of might
 S - 5 potions of haste
 U - a potion of cure mutation
 Z - 8 potions of heal wounds
Miscellaneous
 j - a phantom mirror
 t - a phial of floods
 H - a stone of tremors
 X - a box of beasts
Comestibles
 d - 17 bread rations
 O - a royal jelly


   Skills:
 - Level 21.0(20.4) Fighting
 - Level 20.0(19.4) Axes
 + Level 10.1(9.6) Throwing
 - Level 18.0(17.4) Armour
 - Level 14.0(13.4) Dodging
 - Level 4.4(4.0) Shields
 - Level 8.1(7.7) Charms
 - Level 6.0(5.5) Necromancy
 - Level 9.0(8.5) Invocations
 - Level 7.0(6.5) Evocations


You had 12 spell levels left.
You knew the following spells:

 Your Spells              Type           Power        Failure   Level  Hunger
a - Apportation           Tloc           #.........   50%         1    ##.....
b - Blink                 Tloc           N/A          75%         2    ###....
c - Repel Missiles        Chrm/Air       ##....       17%         2    ###....
d - Regeneration          Chrm/Necr      ###.......   12%         3    ####...


Dungeon Overview and Level Annotations

Branches:
Dungeon (15/15)            Temple (1/1) D:5            Lair (8/8) D:10
 Shoals (4/4) Lair:5       Spider (4/4) Lair:5        Slime (0/6) Lair:6
    Orc (4/4) D:12            Elf (0/3) Orc:3        Vaults (4/5) D:14
  Crypt (0/3) Vaults:3     Depths (1/5) D:15

Altars:
Ashenzari
Cheibriados
Dithmenos
Elyvilon
Fedhas
Gozag
Kikubaaqudgha
Makhleb
Nemelex Xobeh
Okawaru
Qazlal
Ru
Sif Muna
Trog
Vehumet
Xom
Yredelemnul
Zin
The Shining One
Beogh

Shops:
D:5 %   D:8 !   D:9 [   D:10 [   D:12 [   Orc:1 (   Orc:2 *   Orc:4 ([*:}
Shoals:1 !   Vaults:2 [*[%

Portals:
Trove: D:13 (give +5 fire dragon armour)

Annotations:
D:5 Prince Ribbit
D:9 exclusions: obsidian statue and orange crystal statue
Lair:8 exclusion: door


Innate Abilities, Weirdness & Mutations

You are partially covered in slimy green scales (AC +2).
You have an increased reservoir of magic (+10% MP).
You can spit weak poison.
Your muscles are strong. (Str +2)


Message History

The ancient lich closely misses you.
Cast which spell? (? or * to list)
Your skin crawls.
The ancient lich touches you but does no damage.
You slash the ancient lich!
The ancient lich is lightly damaged.
The ancient lich points at you and mumbles some strange words.
The crystal spear hits you!
You hit the ancient lich.
The ancient lich is lightly damaged.
The ancient lich casts a spell at you.
You suddenly lose the ability to move!
The ancient lich touches you but does no damage.
Your skin is crawling a little less now.
The ancient lich conjures a glowing orb.
The wavering orb of destruction weakly hits you!
* * * LOW HITPOINT WARNING * * *
The ancient lich gestures at you while chanting.
The iron shot hits you!
You die...

. . ..###.
..##.. ..#..## .
#### ##..#..#
##.. .
#.####.#.... #.
# #
.#.#X##...###...
#.#..L......# .
#..#@.#.#...# .
###..#......#.#
L
#....###.[....L#
|..#######
####.#.# # . # #
# #. . . # . . .
.# # #. #


You could see an ancient lich and a tentacled starspawn.

Vanquished Creatures
  Frederick (Vaults:4)
  Margery (Vaults:4)
  Arachne (Spider:2)
  Jorgrun (Spider:3)
  Rupert (Lair:3)
  Asterion (Spider:3)
  2 krakens
  Polyphemus (Shoals:3)
  3 sphinxes
  Gastronok (Lair:1)
  Frances (Shoals:2)
  A tengu reaver (Vaults:2)
  Ilsuiw (Shoals:4)
  2 fire giants
  2 orc warlords
  Donald (Shoals:4)
  2 frost giants
  Aizul (Spider:3)
  Louise (Spider:1)
  4 emperor scorpions (Spider:4)
  3 vault wardens
  4 ghost moths (Spider:4)
  A ghoul (D:13)
  A war gargoyle (Vaults:4)
  10 ironheart preservers
  A vampire knight (D:13)
  2 stone giants
  A deep elf annihilator (Vaults:3)
  Azrael (Orc:4)
  3 salamander stormcallers
  Snorg (D:9)
  2 ettins (Vaults:4)
  3 merfolk javelineers (Shoals:4)
  5 merfolk impalers
  4 vault guards
  Josephine (Lair:4)
  4 fire dragons
  3 great orbs of eyes
  7 yaktaur captains
  Harold (D:10)
  2 rakshasas
  An entropy weaver (Spider:2)
  Erolcha (D:13)
  A catoblepas (Shoals:2)
  2 ice dragons (Vaults:2)
  4 merfolk avatars
  3 satyrs
  6 hydras
  6 centaur warriors
  4 merfolk aquamancers
  13 ogre magi
  2 deep troll shamans (Vaults:2)
  9 death yaks
  2 tengu warriors (D:13)
  3 orc high priests (Orc:4)
  Urug (D:11)
  2 vampire magi
  3 deep elf knights
  A shadow wraith (Vaults:1)
  2 wizards
  A flayed ghost (Vaults:2)
  5 skeletal warriors
  25 slime creatures
  7 sea snakes
  5 hell knights (Vaults:4)
  3 unseen horrors
  11 ironbrand convokers
  An ice statue (Vaults:4)
  5 deep elf conjurers
  A phantasmal warrior (D:14)
  16 harpies
  Pikel (D:4)
  3 deep trolls (Vaults:2)
  A giant orange brain (Vaults:3)
  A lindwurm (Lair:4)
  4 hill giants
  An anubis guard (shapeshifter) (Vaults:1)
  22 orb spiders
  14 ugly things
  6 necromancers
  32 wolf spiders
  11 griffons
  10 fauns (Shoals:2)
  12 orc knights
  A hornet (Spider:4)
  11 cyclopes
  A salamander (shapeshifter) (Vaults:1)
  8 orc sorcerers
  2 black mambas
  25 elephants
  A moth of wrath (Spider:4)
  4 water nymphs
  3 centaur zombies
  A fire giant skeleton (Vaults:1)
  12 manticores
  Maurice (Orc:2)
  15 sirens
  A guardian serpent (D:15)
  A stone giant skeleton (Vaults:2)
  11 vault sentinels
  3 torpor snails
  12 spiny frogs
  2 tengu conjurers (D:15)
  41 yaktaurs
  A yaktaur zombie (Vaults:1)
  A gargoyle (D:12)
  A spriggan druid (Lair:4)
  6 kobold demonologists
  11 demonic crawlers
  7 fire drakes
  7 trolls
  2 wind drakes (Shoals:3)
  2 queen bees
  9 komodo dragons
  4 freezing wraiths (Vaults:4)
  3 deep elf priests
  3 polar bears
  A polar bear (shapeshifter) (Vaults:4)
  20 merfolk
  12 two-headed ogres
  5 boulder beetles
  23 jumping spiders
  A two-headed ogre (shapeshifter) (Vaults:2)
  A centaur simulacrum (D:14)
  A blink frog (shapeshifter) (Vaults:1)
  A raiju (shapeshifter) (Vaults:2)
  14 snapping turtles
  A human simulacrum (Vaults:2)
  28 blink frogs
  A spriggan (shapeshifter) (D:14)
  6 flying skulls (D:13)
  18 tarantellas
  55 redbacks
  A snapping turtle (shapeshifter) (Vaults:3)
  51 yaks
  9 trapdoor spiders
  8 deep elf magi
  3 basilisks
  9 vampires
  3 wyverns
  9 water elementals
  7 wraiths
  6 hungry ghosts
  A golden eye (shapeshifter) (Vaults:4)
  A steam dragon (D:7)
  15 hippogriffs
  A redback simulacrum (D:13)
  11 vampire mosquitoes
  13 deep elf fighters
  4 fire elementals (Orc:4)
  5 wargs
  2 soldier ants
  17 porcupines
  Edmund (D:5)
  13 swamp worms (Lair:8)
  4 mottled dragons
  25 wolves
  19 water moccasins
  14 spiders
  12 ice beasts
  An eye of draining (D:12)
  59 ogres
  A tengu (shapeshifter) (D:15)
  46 orc warriors
  8 black bears
  6 sky beasts
  4 hell hounds (Orc:4)
  2 slaves (D:3)
  A wasp (Spider:4)
  7 boggarts
  An ice beast (shapeshifter) (Vaults:4)
  13 centaurs
  2 human skeletons (Vaults:3)
  8 big kobolds
  A brain worm (Lair:8)
  16 crocodiles
  A deep troll simulacrum (Vaults:1)
  26 giant frogs
  50 killer bees
  2 troll zombies (D:12)
  6 scorpions
  4 electric eels
  4 giant frog zombies
  10 crimson imps
  10 human zombies
  36 orc priests
  8 hounds
  15 iguanas
  7 jellies
  4 giant frog skeletons
  12 worker ants
  43 orc wizards
  9 sheep
  4 ogre zombies (D:12)
  2 big kobold zombies (Ossuary)
  An elf simulacrum (Vaults:1)
  A hound zombie (D:7)
  8 mummies (Ossuary)
  4 gnolls (D:3)
  11 adders
  77 river rats
  4 shadow imps
  3 oozes
  An adder zombie (D:4)
  4 adder skeletons
  8 worms
  12 giant geckos
  201 orcs
  A ball python (D:2)
  7 giant cockroaches
  2 gnoll zombies (Ossuary)
  7 hobgoblins
  9 jackals
  33 kobolds
  4 quokkas
  14 bats
  A giant cockroach zombie (D:5)
  A giant gecko skeleton (D:7)
  7 giant newts
  4 goblins
  2 goblin zombies (D:12)
  4 hobgoblin skeletons (D:12)
  2 hobgoblin zombies
  A kobold zombie (Ossuary)
  2 orc skeletons (D:12)
  13 orc zombies
  9 rats
  2 bushes (Lair:8)
  10 fungi
  5 plants
  7 tentacles
1929 creatures vanquished.

Vanquished Creatures (others)
  An ironheart preserver (Vaults:4)
  An ogre mage (Vaults:3)
  A warg (Vaults:4)
  An ogre (Vaults:2)
  An orc wizard (Orc:4)
  An iguana (Lair:6)
  2 orcs
  25 fungi
  18 plants
  13 tentacles
  516 tentacle segments
580 creatures vanquished.

Grand Total: 2509 creatures vanquished

Notes
Turn   | Place    | Note
--------------------------------------------------------------
     0 | D:1      | Raurakos the Hill Orc Gladiator began the quest for the Orb.
     0 | D:1      | Reached XP level 1. HP: 18/18 MP: 1/1
   369 | D:1      | Reached XP level 2. HP: 23/25 MP: 2/2
   394 | D:1      | Reached skill level 5 in Axes
   729 | D:1      | Reached XP level 3. HP: 27/30 MP: 3/3
   998 | D:2      | Reached skill level 6 in Axes
  1192 | D:2      | Reached XP level 4. HP: 37/37 MP: 4/4
  1607 | D:3      | Reached skill level 7 in Axes
  1607 | D:3      | Reached XP level 5. HP: 34/42 MP: 5/5
  1693 | D:3      | Found a basalt altar of Yredelemnul.
  2011 | D:3      | Reached skill level 8 in Axes
  2278 | D:4      | Noticed a slave
  2278 | D:4      | Noticed a slave
  2279 | D:4      | Noticed Pikel
  2320 | D:3      | Killed a slave
  2555 | D:4      | Reached XP level 6. HP: 33/50 MP: 6/6
  2717 | D:3      | Reached skill level 9 in Axes
  3277 | D:4      | Noticed a slave
  3277 | D:4      | Noticed a slave
  3308 | D:3      | Killed a slave
  3418 | D:4      | Noticed an ogre
  3425 | D:4      | Killed an ogre
  3425 | D:4      | Reached skill level 10 in Axes
  3425 | D:4      | Reached XP level 7. HP: 56/56 MP: 7/7
  3517 | D:4      | Noticed an ogre
  3526 | D:4      | Killed an ogre
  3540 | D:4      | Killed Pikel
  3540 | D:4      | Reached XP level 8. HP: 55/73 MP: 8/8
  3826 | D:4      | Reached skill level 1 in Armour
  3992 | D:4      | Noticed an ogre
  4001 | D:4      | Killed an ogre
  4489 | D:5      | Entered Level 5 of the Dungeon
  4633 | D:5      | Noticed Prince Ribbit
  4726 | D:5      | Found a sand-covered staircase.
  4741 | Ossuary  | Entered an ossuary
  4994 | Ossuary  | Reached skill level 5 in Armour
  5492 | D:5      | Found a staircase to the Ecumenical Temple.
  5503 | Temple   | Entered the Ecumenical Temple
  5673 | D:5      | Found Hirph's Food Shop.
  5752 | D:5      | Noticed Edmund
  5783 | D:5      | Killed Edmund
  5830 | D:5      | Reached skill level 11 in Axes
  5830 | D:5      | Reached XP level 9. HP: 79/79 MP: 9/9
  6444 | D:6      | Reached skill level 12 in Axes
  7116 | D:6      | Reached skill level 13 in Axes
  7586 | D:7      | Found a shadowy altar of Dithmenos.
  7705 | D:6      | Found an iron altar of Okawaru.
  7712 | D:6      | Became a worshipper of Warmaster Okawaru
  7835 | D:6      | Found a shadowy altar of Dithmenos.
  7835 | D:6      | Found an opulent altar of Gozag.
  8319 | D:7      | Reached skill level 14 in Axes
  8606 | D:7      | Acquired Okawaru's first power
  8617 | D:7      | Reached XP level 10. HP: 86/86 MP: 10/10
  8853 | D:7      | Reached skill level 15 in Axes
  9239 | D:8      | Found a sacrificial altar of Ru.
  9671 | D:7      | Found an ancient bone altar of Kikubaaqudgha.
  9988 | D:8      | Found Deupuom's Distillery.
 10068 | D:8      | Found a glowing silver altar of Zin.
 10087 | D:8      | Bought 2 potions of might for 96 gold pieces
 10264 | D:8      | Learned a level 1 spell: Apportation
 10491 | D:9      | Found Nuluag's Armour Shoppe.
 10497 | D:9      | Bought a cursed +0 cloak for 18 gold pieces
 10585 | D:9      | Reached skill level 16 in Axes
 10849 | D:9      | Learned a level 2 spell: Blink
 10852 | D:9      | Learned a level 2 spell: Repel Missiles
 10941 | D:8      | Reached skill level 5 in Invocations
 11565 | D:9      | Noticed an obsidian statue
 11663 | D:10     | Entered Level 10 of the Dungeon
 11743 | D:10     | Noticed Harold
 11743 | D:10     | Reached skill level 17 in Axes
 11772 | D:10     | Reached XP level 11. HP: 80/92 MP: 14/14
 11779 | D:10     | Killed Harold
 12022 | D:10     | Found Muhecs's Antique Armour Shop.
 12023 | D:10     | Noticed Snorg
 12044 | D:9      | Killed Snorg
 12044 | D:9      | Reached skill level 18 in Axes
 12072 | D:10     | Bought a glowing plate armour for 460 gold pieces
 12447 | D:10     | Found a staircase to the Lair.
 13212 | Lair:1   | Entered Level 1 of the Lair of Beasts
 13731 | Lair:1   | Reached skill level 19 in Axes
 14707 | Lair:1   | Noticed Gastronok
 14828 | Lair:1   | Killed Gastronok
 14828 | Lair:1   | Acquired Okawaru's second power
 14828 | Lair:1   | Reached skill level 20 in Axes
 14828 | Lair:1   | Reached XP level 12. HP: 100/100 MP: 15/15
 15088 | Lair:1   | Noticed a four-headed hydra
 15209 | Lair:2   | Noticed a six-headed hydra
 15776 | Lair:2   | Received a gift from Okawaru
 15986 | Lair:2   | Noticed a four-headed hydra
 16328 | Lair:1   | Reached skill level 1 in Evocations
 16890 | Lair:3   | Received a gift from Okawaru
 17355 | Lair:2   | Killed a 13-headed hydra
 17929 | Lair:3   | Got a twisted broad axe
 17930 | Lair:3   | Identified the +7 broad axe of Sudatatu {freeze, Int+2} (You found it on level 3 of the Lair of Beasts)
 18288 | Lair:3   | Noticed Rupert
 18478 | Lair:3   | Received a gift from Okawaru
 18541 | Lair:3   | Reached skill level 5 in Dodging
 18573 | Lair:3   | Killed Rupert
 18854 | Lair:4   | Reached XP level 13. HP: 102/111 MP: 18/18
 18860 | Lair:4   | Found a frozen archway.
 19060 | Lair:4   | Reached skill level 10 in Fighting
 19130 | Lair:4   | Received a gift from Okawaru
 19131 | Lair:4   | Got a jewelled battleaxe {god gift}
 19132 | Lair:4   | Identified the +6 battleaxe of Amojy {pain, Dex+4} (Okawaru gifted it to you on level 4 of the Lair of Beasts)
 19687 | Lair:4   | Noticed Josephine
 19708 | Lair:4   | Killed Josephine
 20310 | Lair:5   | Reached skill level 10 in Armour
 20751 | Lair:5   | Gained mutation: You can translocate small distances at will. [potion of mutation]
 20751 | Lair:5   | Gained mutation: Potions and wands are less effective at restoring your health. [potion of mutation]
 20752 | Lair:5   | Lost mutation: Potions and wands are less effective at restoring your health. [potion of cure mutation]
 20752 | Lair:5   | Lost mutation: You can translocate small distances at will. [potion of cure mutation]
 20753 | Lair:5   | Gained mutation: You have an increased reservoir of magic (+10% MP). [potion of mutation]
 20753 | Lair:5   | Gained mutation: You can spit weak poison. [potion of mutation]
 20753 | Lair:5   | Gained mutation: Your muscles are strong. (Str +2) [potion of mutation]
 20758 | Lair:5   | Found a staircase to the Shoals.
 21165 | Lair:4   | Received a gift from Okawaru
 21563 | Lair:5   | Received a gift from Okawaru
 21666 | Lair:5   | Reached skill level 5 in Throwing
 21749 | Lair:5   | Found a hole to the Spider Nest.
 22074 | Lair:6   | Found a staircase to the Slime Pits.
 22105 | Lair:6   | Reached skill level 5 in Evocations
 22537 | Lair:6   | Reached XP level 14. HP: 120/122 MP: 22/22
 22946 | Lair:6   | Reached XP level 15. HP: 130/130 MP: 23/23
 23087 | Lair:6   | Received a gift from Okawaru
 23772 | Lair:7   | Got a crude plate armour
 23783 | Lair:7   | Identified the +15 plate armour of the Sun {rPois rF- Slay+3} (You found it on level 7 of the Lair of Beasts)
 24532 | Lair:8   | Entered Level 8 of the Lair of Beasts
 24703 | Lair:7   | Received a gift from Okawaru
 25388 | D:11     | Found a huge runed gate.
 25388 | D:11     | Found a huge runed gate.
 25388 | D:11     | Found a huge runed gate.
 25389 | D:11     | Found a huge runed gate.
 25491 | D:11     | Noticed Urug
 25505 | D:11     | Killed Urug
 25532 | D:11     | Found an iron altar of Okawaru.
 25547 | D:11     | Gained mutation: You are partially covered in slimy green scales (AC +2). [potion of beneficial mutation]
 26089 | D:12     | Found a staircase to the Orcish Mines.
 26122 | D:12     | Reached skill level 15 in Fighting
 26138 | Orc:1    | Entered Level 1 of the Orcish Mines
 26348 | Orc:1    | Found Erifyot's Antique Weapon Emporium.
 26362 | Orc:1    | Bought a glowing broad axe for 84 gold pieces
 26728 | Orc:2    | Found a flagged portal.
 26738 | Bailey   | Entered a bailey
 26962 | Bailey   | Got an ancient crystal plate armour
 26973 | Bailey   | Identified the +9 crystal plate armour "Ylunod" {rC+ SInv} (You found it in a bailey)
 26985 | Bailey   | Got a pitted large shield
 26991 | Bailey   | Identified the +3 large shield of Xom's Delight {rElec MP-9 Str+4 Dex+3} (You found it in a bailey)
 27524 | Orc:2    | Found Ytutipraewk's Assorted Antiques.
 27528 | Orc:2    | Noticed Maurice
 27534 | Orc:2    | Killed Maurice
 27592 | Orc:2    | Bought a large garnet ring for 145 gold pieces
 27592 | Orc:2    | Bought a scroll labeled OFINWY AMAUSM for 29 gold pieces
 28031 | Orc:3    | Found a staircase to the Elven Halls.
 28097 | Orc:3    | Found a roughly hewn altar of Beogh.
 28414 | Orc:4    | Entered Level 4 of the Orcish Mines
 28589 | Orc:3    | Received a gift from Okawaru
 28590 | Orc:3    | Got an ichor-stained executioner's axe {god gift}
 28591 | Orc:3    | Identified the +5 executioner's axe "Newtbane" {drain, MP-9 Int+5 Stlth-} (Okawaru gifted it to you on level 3 of the Orcish Mines)
 28784 | Orc:4    | Noticed Azrael
 28794 | Orc:4    | Killed Azrael
 28997 | Orc:4    | Found Leac's Gadget Shoppe.
 29011 | Orc:4    | Reached XP level 16. HP: 139/151 MP: 25/25
 29718 | Orc:4    | Paralysed by an orc sorcerer for 5 turns
 29877 | Orc:4    | Found Qymorph's Antique Armour Emporium.
 29878 | Orc:4    | Found Pyidgheu's Antique Weapon Emporium.
 29882 | Orc:4    | Found Wuehol's General Store.
 29882 | Orc:4    | Found Recuiw's Book Shoppe.
 30843 | Lair:8   | Received a gift from Okawaru
 32636 | D:12     | Found Keyheim's Antique Armour Shop.
 32643 | D:12     | Bought a pair of embroidered gloves for 144 gold pieces
 32643 | D:12     | Bought a shiny helmet for 144 gold pieces
 33003 | D:13     | Noticed Erolcha
 33006 | D:13     | Killed Erolcha
 33151 | D:13     | Found a portal to a secret trove of treasure.
 33543 | D:13     | Paralysed by a vampire knight for 5 turns
 33688 | D:13     | Received a gift from Okawaru
 33689 | D:13     | Got a translucent triple crossbow {god gift}
 33690 | D:13     | Identified the +10 triple crossbow of Causality {freeze, rElec rF- rC+} (Okawaru gifted it to you on level 13 of the Dungeon)
 33716 | D:13     | Found an ancient bone altar of Kikubaaqudgha.
 33751 | D:13     | Identified Rudiubo's Disquisition on Changing and Good Luck
 33756 | D:13     | Learned a level 3 spell: Regeneration
 33911 | D:14     | Reached XP level 17. HP: 163/163 MP: 26/26
 33931 | D:14     | Found a gate to the Vaults.
 34328 | D:14     | Found a sacrificial altar of Ru.
 34614 | D:15     | Entered Level 15 of the Dungeon
 34941 | D:15     | Found a staircase to the Depths.
 34966 | D:15     | Reached skill level 10 in Dodging
 35582 | Spider:1 | Entered Level 1 of the Spider Nest
 35895 | Spider:1 | Noticed Louise
 35916 | Spider:1 | Killed Louise
 35916 | Spider:1 | Received a gift from Okawaru
 37023 | Spider:2 | Noticed Arachne
 37041 | Spider:2 | Killed Arachne
 37370 | Spider:2 | Reached skill level 10 in Throwing
 37621 | Spider:3 | Got a smoking war axe
 37622 | Spider:3 | Identified the +7 war axe of Uxian {chop, Int+3 Dex+3} (You found it on level 3 of the Spider Nest)
 37712 | Spider:3 | Noticed Aizul
 37734 | Spider:3 | Killed Aizul
 37848 | Spider:3 | Noticed Asterion
 37869 | Spider:3 | Killed Asterion
 37888 | Spider:3 | Noticed Jorgrun
 37899 | Spider:3 | Killed Jorgrun
 37899 | Spider:3 | Received a gift from Okawaru
 38636 | Spider:4 | Entered Level 4 of the Spider Nest
 38640 | Spider:4 | Received a gift from Okawaru
 38645 | Spider:4 | Reached XP level 18. HP: 141/176 MP: 27/27
 39108 | Spider:4 | Received a gift from Okawaru
 40184 | Spider:4 | Got a gossamer rune of Zot
 40957 | Shoals:1 | Entered Level 1 of the Shoals
 40978 | Shoals:1 | You fall through a shaft!
 41449 | Shoals:1 | Found Ynoenovu's Distillery.
 41461 | Shoals:1 | Bought a potion of haste for 190 gold pieces
 41753 | Shoals:1 | Received a gift from Okawaru
 41844 | Shoals:1 | Reached skill level 15 in Armour
 41994 | Shoals:2 | Noticed Frances
 42011 | Shoals:2 | Reached skill level 1 in Necromancy
 42020 | Shoals:2 | Killed Frances
 42384 | Shoals:2 | Received a gift from Okawaru
 42620 | Shoals:2 | Reached skill level 5 in Necromancy
 42631 | Shoals:2 | Reached XP level 19. HP: 122/185 MP: 28/28
 43177 | Shoals:3 | Received a gift from Okawaru
 43216 | Shoals:3 | Noticed Polyphemus
 43238 | Shoals:2 | Reached skill level 1 in Charms
 43378 | Shoals:2 | Reached skill level 1 in Shields
 43455 | Shoals:3 | Killed Polyphemus
 44193 | Shoals:4 | Entered Level 4 of the Shoals
 44595 | Shoals:4 | Noticed Ilsuiw
 44652 | Shoals:4 | Killed Ilsuiw
 45039 | Shoals:4 | Reached skill level 5 in Charms
 45264 | Shoals:4 | Noticed Donald
 45272 | Shoals:4 | Killed Donald
 45722 | Shoals:4 | Received a gift from Okawaru
 45802 | Shoals:4 | Received a gift from Okawaru
 45827 | Shoals:4 | Got a barnacled rune of Zot
 46280 | Vaults:1 | Entered Level 1 of the Vaults
 46632 | Vaults:1 | Received a gift from Okawaru
 46695 | Vaults:1 | Received a gift from Okawaru
 46983 | Vaults:1 | Got a polished scale mail
 46997 | Vaults:1 | Identified the +4 scale mail of the Queen {rF+ rCorr Str+4} (You found it on level 1 of the Vaults)
 47079 | Vaults:1 | Received a gift from Okawaru
 47241 | Vaults:1 | Reached XP level 20. HP: 163/193 MP: 29/29
 47889 | Vaults:2 | Found Riupalli's Assorted Antiques.
 47893 | Vaults:2 | Bought a scroll of enchant weapon for 217 gold pieces
 47953 | Vaults:2 | Received a gift from Okawaru
 48756 | Vaults:2 | Received a gift from Okawaru
 49281 | Vaults:2 | Found Seny's Armour Shop.
 49281 | Vaults:2 | Found Jebbotuf's Food Emporium.
 49421 | Vaults:2 | Found Modat's Antique Armour Emporium.
 50125 | Vaults:3 | Identified a scroll of acquirement
 50178 | Vaults:3 | Received a gift from Okawaru
 50259 | Vaults:3 | Found a staircase to the Crypt.
 50630 | Vaults:3 | Reached XP level 21. HP: 201/201 MP: 30/30
 51117 | Vaults:4 | Noticed Frederick
 51145 | Vaults:4 | Killed Frederick
 51350 | Vaults:4 | Received a gift from Okawaru
 51352 | Vaults:4 | Got a distressingly furry cloak {god gift}
 51365 | Vaults:4 | Identified the +0 cloak "Owoy" {Dex+5} (Okawaru gifted it to you on level 4 of the Vaults)
 51516 | Vaults:4 | Noticed Margery
 51538 | Vaults:4 | Killed Margery
 52614 | Vaults:4 | Received a gift from Okawaru
 52615 | Vaults:4 | Got a slimy scale mail {god gift}
 52671 | Vaults:4 | Identified the +6 scale mail of Tumukel {rElec rN+ MP+9 Int+4} (Okawaru gifted it to you on level 4 of the Vaults)
 53230 | Depths:1 | Entered Level 1 of the Depths
 53246 | D:15     | Reached skill level 21 in Fighting
 53413 | Depths:1 | Cast into the Abyss (a lich)
 53543 | Abyss:1  | Noticed an ancient lich
 53564 | Abyss:1  | Paralysed by an ancient lich for 5 turns
 53567 | Abyss:1  | Killed from afar by an ancient lich

Vault maps used:
D:1:      wheals_arrival_shading, minmay_misc_feat_more_columns
D:2:      grunt_ministairs_9
D:3:      overflow_temple_1_default
D:4:      first_bread, uniq_pikel
D:5:      minmay_temple_entry_trees, serial_shops, nicolae_shop_crystal,
          enter_ossuary_1, uniq_prince_ribbit1, uniq_edmund
D:6:      old_standard_altar, gammafunk_temple_overflow_statue
D:7:      kennysheep_little_box, basic_altar
D:8:      lemuel_crystal_altar, nicolae_overflow_hidden_temple, serial_shops,
          nicolae_shop_waterfront
D:9:      minmay_separated_statues, serial_shops, shop_fountains
D:10:     lair_0_dummy, serial_shops, nicolae_shop_overgrown_old_shop,
          serial_bayou_pond_a, uniq_snorg, uniq_harold
D:11:     lemuel_bear_cage, basic_altar, uniq_urug
D:12:     zombieorc1_lemuel, serial_shops, nicolae_shop_statue_plus
D:13:     lemuel_vampire_tower, nicolae_trove_entry_free_sample, serial_undead,
          serial_undead_d, serial_undead_c, serial_undead_d, serial_undead_b,
          david_nohive_1, uniq_erolcha
D:14:     david_vaults_4, nicolae_ru_sacrificial_ziggurat, moated_statue
D:15:     grunt_enter_depths_giant_problem, grunt_decor_arrowhead,
          nrook_guardian_serpent_double
Temple:   temple_eino_lava_12
Lair:1:   wad_woods_03, lemuel_fruit_tree, uniq_gastronok
Lair:3:   infiniplex_staircase_pool_2, grunt_megastairs_1, uniq_rupert
Lair:4:   portal_ice_cave_entry_ice_beasts, kilobyte_rumbling_trees,
          uniq_josephine
Lair:5:   minmay_shoals_entry_beasts, spider_nest_entry_funnel_web,
          grunt_megastairs_4, infiniplex_staircase_pool
Lair:6:   dpeg_oklob_shooting_range, nicolae_slime_entry_slimehenge
Lair:8:   evil_forest, minmay_hedge_maze, minivault_11, worms_lemuel
Shoals:1: serial_shops, nicolae_shop_crystal,
          nicolae_shoals_stone_sculpture_thing
Shoals:2: uniq_frances
Shoals:3: nicolae_shoals_arrival_archipelago, uniq_polyphemus
Shoals:4: shoals_end_hangedman, shoal_ilsuiw, uniq_ilsuiw, uniq_donald
Spider:1: uniq_louise
Spider:2: cheibrodos_spider_creepycove, uniq_arachne
Spider:3: special_room, uniq_asterion, uniq_jorgrun, uniq_aizul
Spider:4: grunt_spider_rune_island
Orc:1:    serial_shops, nicolae_shop_competitors_out_of_business
Orc:2:    serial_shops, shop, enter_bailey_8, abandoned_shop, uniq_maurice
Orc:3:    basic_altar, nicolae_orc_pool_cavern
Orc:4:    st_orc_congregation, serial_shops, shop_statue, uniq_azrael
Vaults:1: vaults_room_octagon, vaults_standard_mumra_enter_the_diamond,
          hangedman_vaults_nails, v_misc_29, hangedman_vaults_unwind,
          ontoclasm_vaults_bender, hangedman_vaults_stretched_pinwheel,
          nicolae_vaults_little_squares_2, hangedman_vaults_maws,
          grunt_vaults_hallway_long, ontoclasm_vaults_eye, vaults_room_pool,
          dpeg_vaults_monster_doublerow
Vaults:2: nicolae_vaults_twisting_passages, grunt_vaults_funnel,
          vaults_standard_mumra_x, nicolae_vaults_big_ls,
          hangedman_vaults_cutoff, v_misc_28, v_misc_23, serial_shops, shop,
          shop, shop, nicolae_shop_stone
Vaults:3: minmay_crypt_entry_vampire_xt, hangedman_vaults_river_flow,
          ontoclasm_vaults_misaligned, nicolae_vaults_rhombus_7,
          vaults_room_grid, vaults_room_grid, v_misc_4, v_misc_1,
          ontoclasm_vaults_misaligned, nicolae_vaults_circle_grid_b,
          nicolae_vaults_alarming, hangedman_vaults_stagger, v_alt_pattern_6
Vaults:4: dpeg_vaults_monster_row, v_misc_5, v_misc_27,
          nicolae_vaults_statue_guard, hangedman_vaults_slice,
          ontoclasm_vaults_loading_screen, v_pattern_5, uniq_margery,
          uniq_frederick
Depths:1: lightli_too_deep, minmay_gold_behind_fungi,
          nemelex_diamond_rough_becter, hangedman_decor_cross_pass
Ossuary:  ossuary_tomb_3
Bailey:   bailey_polearm_1, bailey

Action                   |  1- 3 |  4- 6 |  7- 9 | 10-12 | 13-15 | 16-18 | 19-21 || total
-------------------------+-------+-------+-------+-------+-------+-------+-------++-------
Melee: War axe           |    94 |   202 |   354 |       |       |       |       ||   650
       Battleaxe         |       |       |    45 |   626 |    20 |       |       ||   691
       Broad axe         |       |       |       |    64 |   934 |  1591 |  1426 ||  4015
 Fire: Blowgun           |       |       |       |   105 |     5 |       |       ||   110
Throw: Throwing net      |     1 |     1 |     1 |       |       |       |       ||     3
       Stone             |       |    25 |    26 |    19 |       |       |       ||    70
       Javelin           |       |       |       |     3 |   144 |   109 |   251 ||   507
 Cast: Regeneration      |       |       |       |       |       |       |     1 ||     1
Invok: Heroism           |       |       |       |    10 |       |       |       ||    10
       Finesse           |       |       |       |     1 |     2 |     9 |     3 ||    15
 Abil: Spit Poison       |       |       |       |       |    17 |       |       ||    17
Evoke: Wand              |       |       |    21 |     9 |     4 |     1 |       ||    35
       Stone of tremors  |       |       |       |       |     2 |       |       ||     2
       Deck              |       |       |       |       |       |     2 |       ||     2
  Use: Scroll            |     2 |       |     7 |    12 |     7 |    10 |     7 ||    45
       Potion            |       |       |     1 |     9 |     5 |     1 |     1 ||    17
 Stab: Paralysed         |       |       |    12 |       |       |       |       ||    12
       Sleeping          |       |       |     1 |       |       |       |       ||     1
       Invisible         |       |       |       |       |       |     3 |       ||     3
       Petrified         |       |       |       |       |       |       |     1 ||     1
       Distracted        |       |       |       |       |       |       |     1 ||     1
  Eat: Chunk             |     1 |     6 |    17 |    39 |    33 |    44 |    32 ||   172
       Pizza             |       |       |     1 |       |       |     1 |       ||     2
       Royal jelly       |       |       |       |     1 |       |       |       ||     1
       Beef jerky        |       |       |       |       |     2 |     1 |     3 ||     6
